 Dungeon Crawl Stone Soup version 0.22-a0-147-gfdd7f25 (webtiles) character file.

73313 GrunderHorse the Warrior (level 15, -1/132 HPs)
             Began as a Formicid Fighter on Feb 4, 2018.
             Was a High Priest of Qazlal.
             Slain by an alligator (5 damage)
             ... on level 3 of the Swamp on Feb 6, 2018.
             The game lasted 01:33:08 (21474 turns).

GrunderHorse the Warrior (Formicid Fighter)        Turns: 21474, Time: 01:33:08

Health: -1/132     AC: 23    Str: 26    XL:     15   Next: 89%
Magic:  15/15      EV:  8    Int:  5    God:    Qazlal [*****.]
Gold:   1426       SH: 27    Dex: 13    Spells: 14/14 levels left

rFire    . . .     SeeInvis +   M - +8 flail of Tagotweane {elec, rElec rN+ Str+3 Int-4}
rCold    . . .     Gourm    .   o - +2 shield
rNeg     + . .     Faith    .   L - +0 plate armour
rPois    .         Spirit   .   (helmet unavailable)
rElec    +         Reflect  +   p - +2 cloak {MR+}
rCorr    .         Harm     .   (no gloves)
MR       ++++.                  (no boots)
Stlth    ..........             K - +3 amulet of reflection
HPRegen  0.32/turn              J - ring of protection from magic
MPRegen  0.14/turn              O - ring of protection from magic

@: protected from physical damage, studying Ice Magic, repel missiles
A: permanent stasis, dig shafts and tunnels, four strong arms, antennae 3
a: Dig, Shaft Self, Upheaval, Elemental Force, Disaster Area, Renounce Religion


You were on level 3 of the Swamp.
You worshipped Qazlal.
Qazlal was extremely pleased with you.
You were hungry.

You visited 5 branches of the dungeon, and saw 23 of its levels.
You also visited: Ice Cave.

You collected 1654 gold pieces.
You spent 228 gold pieces at shops.

Inventory:

Hand Weapons
 f - a +0 demon blade of pain
 v - a +0 club of chaos
 w - a +0 blowgun
 M - the +8 flail of Tagotweane (weapon) {elec, rElec rN+ Str+3 Int-4}
   (You found it on level 9 of the Dungeon)

   Occasionally, upon striking a foe, it will discharge some electrical energy
   and cause terrible harm.
   It affects your strength (+3).
   It affects your intelligence (-4).
   It insulates you from electricity.
   It protects you from negative energy.
Missiles
 h - 16 curare-tipped needles
 i - 2 poisoned tomahawks
 x - 131 poisoned needles
 D - a throwing net
 P - 259 stones
 Q - 10 tomahawks (quivered)
 W - 11 javelins
Armour
 n - a +2 cloak
 o - a +2 shield (worn)
 p - a +2 cloak of magic resistance (worn)
 u - a +1 ring mail of cold resistance
 y - a +3 scale mail
 L - a +0 plate armour (worn)
 N - a +0 shield
Jewellery
 H - an uncursed ring of positive energy {unknown}
 J - a ring of protection from magic (left hand)
 K - a +3 amulet of reflection (around neck)
 O - a ring of protection from magic (right hand)
 S - an uncursed amulet of rage
Wands
 a - a wand of flame (31)
 b - a wand of acid (7)
 t - a wand of polymorph (37)
 C - a wand of random effects (18)
 I - a wand of digging (22)
 T - a wand of disintegration (14)
 Z - a wand of clouds (1)
Scrolls
 j - a scroll of enchant weapon
 k - 4 scrolls of amnesia
 m - 8 scrolls of identify
 q - 6 scrolls of fog
 r - 3 scrolls of remove curse
Potions
 c - a potion of magic
 d - 6 potions of flight
 e - 2 potions of curing
 g - 2 potions of agility {unknown}
 l - 4 potions of brilliance
 s - 3 potions of invisibility {unknown}
 z - 2 potions of ambrosia {unknown}
 F - 3 potions of degeneration {unknown}
 R - a potion of cancellation
 U - 5 potions of mutation
Books
 Y - a manual of Ice Magic
Miscellaneous
 G - a crystal ball of energy
Comestibles
 X - 5 rations


   Skills:
 * Level 16.5 Fighting
 + Level 11.7 Maces & Flails
 * Level 15.1 Armour
 + Level 14.8 Shields


You had 14 spell levels left.
You didn't know any spells.

Dungeon Overview and Level Annotations

Branches:
Dungeon (15/15)            Temple (1/1) D:6            Lair (3/6) D:11
  Swamp (3/4) Lair:3          Orc (0/2) D:12         Vaults (0/5) D:13
 Depths (1/5) D:15
  Snake: Lair:2-4    Spider: Lair:2-4

Altars:
Ashenzari
Cheibriados
Dithmenos
Elyvilon
Fedhas
Gozag
Hepliaklqana
Kikubaaqudgha
Makhleb
Nemelex Xobeh
Okawaru
Qazlal
Ru
Sif Muna
Trog
Uskayaw
Vehumet
Wu Jian
Xom
Yredelemnul
Zin
The Shining One
Jiyva

Shops:
D:8 }(!(*

Portals:
Trove: D:12 (give +3 ice dragon scales)

Annotations:
D:12 Ice Dragon Scales +3 Tresture
D:13 Gate to vaults - need rune
Depths:1 Buffagor's ghost, journeyman GrFi


Innate Abilities, Weirdness & Mutations

You cannot be hasted, slowed, berserked, paralysed or teleported.
You can dig through walls and to a lower floor.
Your four strong arms can wield two-handed weapons with a shield.
You have a pair of large antennae on your head. (SInv)


Message History

The vampire mosquito buzzes angrily.
You hear a roar!
The alligator is engulfed in noxious fumes. x2
The alligator appears confused.
You block the alligator's attack. x2
The alligator is engulfed in noxious fumes.
The alligator appears confused.
The alligator barely misses the swamp drake.
The alligator tail-slaps the swamp drake!
The alligator is engulfed in noxious fumes.
The alligator appears confused.
Found 2 needles of sleeping.
An eight-headed hydra comes into view.
You block the alligator's attack. x2; The alligator bites you!
* * * LOW HITPOINT WARNING * * *
You block the alligator's attack.
You block the vampire mosquito's attack.
The alligator is struck by lightning.
A shadow comes into view.
You hear a loud, deep croak!
You block the alligator's attack. The alligator tail-slaps you.
You die...

.. ..♣ ≈.. ..♣
♣..# ...♣ ♣..# {
{ #D.(♣
♣♣♣..##+##...≈♣♣
.≈≈..§.§.....≈.♣
.≈≈≈≈y.y.§§..≈≈.
.≈≈t≈§yt@....W..
≈.≈≈≈..t♣♣♣♣♣♣≈.
.§≈<..≈§k..♣♣
≈♣♣.≈§§≈≈tt.♣
♣≈.≈≈≈>.♣♣♣
♣♣.[..≈≈♣
♣...≈♣♣♣ ♣≈≈≈.♣
♣≈≈≈≈♣


You could see 3 alligators, an eight-headed hydra, 3 vampire mosquitoes and a
shadow.

Vanquished Creatures
  A thorn hunter (Swamp:1)
  Aizul (Swamp:1)
  2 ghouls (D:13)
  A dire elephant (D:15)
  Josephine (D:15)
  The ghost of cellescent the Protected, a journeyman GnWn of Yredelemnul (Lair:2)
  4 hydras
  An alligator (Swamp:2)
  5 two-headed ogres
  2 dancing weapons (D:13)
  A queen ant (Lair:3)
  Urug (D:15)
  Sonja (Lair:1)
  2 skeletal warriors (D:13)
  3 unseen horrors
  The ghost of Calypsia the Covert, a novice VSEn of Sif Muna (D:8)
  Pikel (D:5)
  2 wolf spider zombies (D:13)
  13 ugly things
  A cyclops (D:14)
  4 deep elf magi
  An oklob plant (D:14)
  A manticore (D:15)
  A wolf spider (D:15)
  3 ice statues (IceCv)
  6 elephants (Lair:3)
  A black mamba (Lair:3)
  A gargoyle (D:12)
  2 centaur skeletons (D:11)
  A kobold demonologist (D:14)
  8 spiny frogs
  6 komodo dragons
  A guardian mummy (D:13)
  2 rime drakes
  2 ice devils (D:13)
  A troll (D:10)
  5 blink frogs (Lair:2)
  2 hornets
  A tyrant leech (Swamp:2)
  2 hippogriffs (D:9)
  5 slime creatures (Swamp:1)
  3 bog bodies
  Sigmund (D:4)
  6 wraiths (D:15)
  A vampire (D:14)
  7 wyverns
  39 yaks
  9 vampire mosquitoes
  A steam dragon (D:7)
  5 hungry ghosts
  Menkaure (D:5)
  8 insubstantial wisps
  10 water moccasins
  Edmund (D:4)
  20 soldier ants (Lair:3)
  Duvessa (D:4)
  9 swamp worms (Swamp:1)
  5 porcupines
  An acid dragon (D:14)
  A swamp drake (Swamp:1)
  2 orc warriors
  5 phantoms
  3 sky beasts
  3 slaves (D:5)
  A hornet zombie (D:13)
  2 black bears
  A necrophage (D:7)
  8 ice beasts
  4 eyes of draining
  9 ogres
  10 centaurs
  11 wolves
  16 crocodiles
  8 big kobolds
  11 bullfrogs
  Blork the orc (D:4)
  Dowan (D:4)
  A wyvern skeleton (D:9)
  6 scorpions
  10 killer bees (D:8)
  12 wights
  2 electric eels (D:12)
  A howler monkey (D:11)
  5 crimson imps
  2 bullfrog zombies
  10 centaur zombies
  4 hounds
  4 jellies
  Crazy Yiuf (D:2)
  3 orc priests
  2 bullfrog skeletons
  A gnoll shaman (D:4)
  Ijyb (D:3)
  26 worker ants
  3 iguanas
  11 orc wizards
  3 mummies (D:13)
  9 gnolls
  12 adders
  2 shadow imps
  2 worms
  A dart slug (D:1)
  5 leopard geckos
  47 orcs
  10 giant cockroaches
  7 goblins
  6 hobgoblins
  15 jackals
  2 quokkas
  6 bats
  9 frilled lizards
  42 kobolds
  2 rats (D:3)
  3 briar patches (Swamp:1)
  A bush (D:15)
  A plant (D:14)
616 creatures vanquished.

Vanquished Creatures (others)
  A centaur warrior (D:14)
  A spiny frog (Swamp:2)
  A centaur skeleton (D:14)
  A yaktaur (D:15)
  Grinder (D:5)
  A bog body (Swamp:2)
  A slave (D:5)
  A swamp drake (Swamp:2)
  6 centaurs (D:12)
  An orc (D:7)
  A giant cockroach (D:7)
  A kobold (D:12)
  2 bushes (D:15)
  5 fungi
  A plant (Lair:3)
25 creatures vanquished.

Grand Total: 641 creatures vanquished

Notes
Turn   | Place    | Note
-------+----------+-------------------------------------------
     0 | D:1      | GrunderHorse the Formicid Fighter began the quest for the Orb.
     0 | D:1      | Reached XP level 1. HP: 18/18 MP: 1/1
   183 | D:1      | Reached XP level 2. HP: 24/24 MP: 2/2
   566 | D:2      | Noticed a water elemental
   568 | D:2      | Noticed a fire elemental
   570 | D:2      | Found a stormy altar of Qazlal.
   571 | D:2      | Noticed an air elemental
   571 | D:2      | Noticed an earth elemental
   608 | D:2      | Reached XP level 3. HP: 24/29 MP: 3/3
   835 | D:2      | Found a runed door.
  1021 | D:2      | Became a worshipper of Qazlal Stormbringer
  1068 | D:2      | Reached XP level 4. HP: 36/37 MP: 4/4
  1476 | D:2      | Noticed Crazy Yiuf
  1484 | D:2      | Killed Crazy Yiuf
  1629 | D:3      | Noticed Ijyb
  1765 | D:3      | Reached skill level 5 in Shields
  1765 | D:3      | Reached XP level 5. HP: 41/42 MP: 5/5
  1859 | D:3      | Reached skill level 4 in Fighting
  1891 | D:3      | Killed Ijyb
  1996 | D:3      | Reached * piety under Qazlal
  2285 | D:3      | Found a stormy altar of Qazlal.
  2310 | D:3      | Found a deep blue altar of Sif Muna.
  2473 | D:4      | Reached XP level 6. HP: 45/48 MP: 6/6
  2500 | D:4      | Noticed Edmund
  2513 | D:4      | Killed Edmund
  2576 | D:4      | Noticed Blork the orc
  2586 | D:4      | Reached XP level 7. HP: 55/55 MP: 7/7
  2595 | D:4      | Killed Blork the orc
  2633 | D:4      | Noticed a hungry ghost
  2643 | D:4      | Killed a hungry ghost
  2683 | D:4      | Reached ** piety under Qazlal
  2701 | D:4      | Reached skill level 5 in Fighting
  2701 | D:4      | Reached skill level 5 in Armour
  2734 | D:4      | Noticed Dowan
  2743 | D:4      | Noticed Duvessa
  2767 | D:4      | Killed Duvessa
  2781 | D:4      | Killed Dowan
  2781 | D:4      | Reached XP level 8. HP: 42/62 MP: 8/8
  3004 | D:4      | Found a radiant altar of Vehumet.
  3035 | D:4      | Noticed Sigmund
  3052 | D:4      | Killed Sigmund
  3462 | D:5      | Entered Level 5 of the Dungeon
  3493 | D:5      | Noticed Pikel
  3500 | D:5      | Killed Pikel
  3500 | D:5      | Reached skill level 6 in Fighting
  3500 | D:5      | Reached skill level 5 in Maces & Flails
  3500 | D:5      | Reached XP level 9. HP: 67/69 MP: 9/9
  3604 | D:5      | Found a shimmering altar of Xom.
  3644 | D:5      | Noticed Grinder
  3659 | D:5      | Killed Grinder
  3760 | D:5      | Found a hide-covered altar of Uskayaw.
  3803 | D:5      | Found a blossoming altar of Fedhas.
  3967 | D:5      | Noticed Menkaure
  4760 | D:5      | Killed Menkaure
  4760 | D:5      | Reached skill level 7 in Fighting
  5017 | D:6      | Found a staircase to the Ecumenical Temple.
  5025 | D:6      | Found a glowing golden altar of the Shining One.
  5119 | Temple   | Entered the Ecumenical Temple
  5252 | D:6      | Found a white marble altar of Elyvilon.
  5294 | D:6      | Found a basalt altar of Yredelemnul.
  5433 | D:6      | Found an ancient bone altar of Kikubaaqudgha.
  5465 | D:6      | Found an iron altar of Okawaru.
  5556 | D:6      | Found a hide-covered altar of Uskayaw.
  5715 | D:7      | Reached *** piety under Qazlal
  5763 | D:7      | Reached skill level 8 in Fighting
  5763 | D:7      | Reached XP level 10. HP: 71/80 MP: 10/10
  6230 | D:7      | Reached skill level 10 in Shields
  6518 | D:7      | Found a blossoming altar of Fedhas.
  6542 | D:7      | Reached skill level 9 in Fighting
  7102 | D:8      | Found Puwn's Assorted Antiques.
  7238 | D:8      | Found Archar's Distillery.
  7245 | D:8      | Noticed Calypsia's ghost (novice VSEn)
  7256 | D:8      | Killed Calypsia's ghost
  7271 | D:8      | Bought a potion of heal wounds for 60 gold pieces
  7271 | D:8      | Bought a potion of heal wounds for 60 gold pieces
  7271 | D:8      | Bought a potion of heal wounds for 60 gold pieces
  7271 | D:8      | Bought a potion of might for 48 gold pieces
  7289 | D:8      | Found a shattered altar of Ashenzari.
  7328 | D:8      | Found Xiqughar's Antique Weapon Shop.
  7344 | D:8      | Found Warex's Antique Weapon Boutique.
  7801 | D:8      | Found Ypsimu's Gadget Emporium.
  8864 | D:9      | Reached skill level 10 in Fighting
  8864 | D:9      | Reached XP level 11. HP: 90/90 MP: 11/11
  8909 | D:9      | Reached **** piety under Qazlal
  8935 | D:9      | Noticed a two-headed ogre
  8957 | D:9      | Killed a two-headed ogre
  9611 | D:9      | Got an encrusted flail
 10112 | D:9      | Identified the +8 flail of Tagotweane {elec, rElec rN+ Str+3 Int-4} (You found it on level 9 of the Dungeon)
 10119 | D:10     | Entered Level 10 of the Dungeon
 10144 | D:10     | Reached skill level 11 in Fighting
 10234 | D:10     | Upgraded the game from 0.22-a0-136-g83a10e5 to 0.22-a0-147-gfdd7f25
 11040 | D:11     | Reached ***** piety under Qazlal
 11129 | D:11     | Reached XP level 12. HP: 56/101 MP: 12/12
 11302 | D:11     | Found a staircase to the Lair.
 11408 | D:11     | Reached skill level 12 in Fighting
 11483 | D:11     | Noticed a two-headed ogre
 11489 | D:11     | Killed a two-headed ogre
 12039 | D:12     | Noticed a two-headed ogre
 12066 | D:12     | Reached skill level 10 in Armour
 12072 | D:12     | HP: 5/103 [two-headed ogre/giant spiked club (13)]
 12086 | D:12     | Killed a two-headed ogre
 12240 | D:12     | Found a hide-covered altar of Uskayaw.
 12283 | D:12     | Noticed an unseen horror
 12291 | D:12     | Killed an unseen horror
 12441 | D:12     | Found a staircase to the Orcish Mines.
 12730 | D:12     | Found a portal to a secret trove of treasure.
 12917 | D:13     | Found a labyrinth entrance.
 12931 | D:13     | Reached skill level 13 in Fighting
 12934 | D:13     | Found a frozen archway.
 12983 | IceCv    | Entered an ice cave
 13031 | IceCv    | Reached XP level 13. HP: 98/111 MP: 13/13
 13420 | IceCv    | Found the +4 Vampire's Tooth {vamp}
 13532 | D:13     | Noticed a ghoul
 13562 | D:13     | Killed a ghoul
 13835 | D:13     | Noticed a ghoul
 13858 | D:13     | Reached ****** piety under Qazlal
 13862 | D:13     | Killed a ghoul
 13878 | D:13     | Reached skill level 10 in Maces & Flails
 14015 | D:13     | Found an opulent altar of Gozag.
 14031 | D:13     | Reached skill level 14 in Fighting
 14349 | D:13     | Found a gate to the Vaults.
 14925 | D:14     | Reached XP level 14. HP: 121/121 MP: 5/14
 15591 | D:14     | Found an ancient bone altar of Kikubaaqudgha.
 16318 | D:15     | Entered Level 15 of the Dungeon
 16396 | D:15     | Reached skill level 15 in Fighting
 16401 | D:15     | Noticed Josephine
 16456 | D:15     | Killed Josephine
 16718 | D:15     | Noticed Urug
 16772 | D:15     | Killed Urug
 17073 | D:15     | Noticed a dire elephant
 17084 | D:15     | Killed a dire elephant
 17102 | D:15     | Found a staircase to the Depths.
 17232 | Depths:1 | Entered Level 1 of the Depths
 17233 | Depths:1 | Noticed Buffagor's ghost (journeyman GrFi)
 17390 | Lair:1   | Entered Level 1 of the Lair of Beasts
 17529 | Lair:1   | Noticed Sonja
 17539 | Lair:1   | Killed Sonja
 18053 | Lair:1   | Reached XP level 15. HP: 129/129 MP: 15/15
 18699 | Lair:2   | Noticed cellescent's ghost (journeyman GnWn)
 18710 | Lair:2   | Killed cellescent's ghost
 19522 | Lair:3   | Reached skill level 16 in Fighting
 20271 | Lair:3   | Found a staircase to the Swamp.
 20282 | Swamp:1  | Entered Level 1 of the Swamp
 20282 | Swamp:1  | Noticed a thorn hunter
 20291 | Swamp:1  | Killed a thorn hunter
 20458 | Swamp:1  | Noticed Aizul
 20529 | Swamp:1  | Killed Aizul
 21227 | Swamp:1  | Found an opulent altar of Gozag.
 21309 | Swamp:1  | You fall through a shaft!
 21316 | Swamp:2  | Reached skill level 15 in Armour
 21473 | Swamp:3  | HP: 4/132 [alligator (15)]
 21474 | Swamp:3  | Slain by an alligator

Vault maps used:
D:1:      lemuel_arrival_hallway
D:2:      serial_bayou_ford_a, nicolae_qazlal_style_of_elements,
          uniq_crazy_yiuf_cottage
D:3:      marbit_many_paths, st_stairs_10, led_sif_book, uniq_ijyb
D:4:      lemuel_coloured_pillars_altar, dk_noncrumbling_4, uniq_edmund,
          uniq_sigmund, uniq_blork_the_orc, uniq_duvessa
D:5:      tgw_xom, first_ration, basic_altar, serial_park_tiny_2,
          fedhas_altar_1, uniq_grinder, uniq_pikel, uniq_menkaure
D:6:      kennysheep_mini_moat, elyvilon_altar_5, lemuel_doored_altar,
          overflow_temple_1_default, okawaru_altar_gauntlet_db,
          old_standard_altar, temple_statues, due_unseen_surprise
D:7:      overflow_temple_1_default, grunt_ogre_cave
D:8:      lemuel_round_altar, serial_shops, nicolae_shop_statue_plus, shop,
          nicolae_shop_waterfront, kennysheep_mini,
          nicolae_shop_window_shopping, serial_glass, glass_columns_b,
          glass_columns_a, glass_columns_b, glass_columns_a, glass_columns_a,
          glass_columns_a, glass_columns_c, glass_columns_c
D:10:     due_unseen_surprise
D:11:     minmay_lair_entry_grove
D:12:     orc_0_dummy, basic_altar, enter_trove_1, disabler_island
D:13:     erik_vaults_1, portal_ice_cave_demonic_guard, serial_undead,
          serial_undead_d, serial_undead_a, serial_undead_f, serial_undead_f,
          lab_entry_generic, nicolae_gozag_seed_capital
D:14:     hangedman_decor_points, lemuel_oklob_altar
D:15:     hangedman_depths_entry_try_elsewhere_first, minmay_hedge_maze,
          stair_cage_line, kennysheep_flooded_box, uniq_josephine, uniq_urug
Temple:   pf_slimified_temple
Lair:1:   grunt_megastairs_5, uniq_sonja
Lair:2:   grunt_megastairs_3
Lair:3:   swamp_mist_pool, minivault_29
Swamp:1:  nicolae_swamp_godswood, uniq_aizul
Swamp:2:  infiniplex_staircase_pool
Swamp:3:  evilmike_swamp_ruin_house_3
Depths:1: minmay_guarded_unrand_sceptre_of_torment, enter_ziggurat_f,
          grunt_hell_entry_dis_old, glass_columns_c, minmay_misc_feat_room,
          kb_rosetta
IceCv:    ice_cave_statue_garden_chambered

Skill      XL: |  1  2  3  4  5  6  7  8  9 10 11 12 13 14 15 |
---------------+----------------------------------------------+-----
Shields        | 4 5 6 7 9 10 11 12 13 14 | 14.8
Armour         | 4 5 6 7 8 9 11 12 14 15 | 15.1
Fighting       | 4 5 6 8 10 11 13 14 15 16 | 16.5
Maces & Flails | 3 4 5 6 7 8 9 10 11 | 11.7

Action                   |  1- 3 |  4- 6 |  7- 9 | 10-12 | 13-15 || total
-------------------------+-------+-------+-------+-------+-------++-------
Melee: Flail             |    37 |       |       |   358 |   908 ||  1303
       Mace              |    23 |   127 |       |       |       ||   150
       Dire flail        |       |     6 |   305 |   244 |       ||   555
Throw: Throwing net      |       |       |       |     1 |       ||     1
       Tomahawk          |       |       |       |       |     4 ||     4
Invok: Upheaval          |       |       |       |       |    24 ||    24
 Abil: Dig               |       |       |     2 |     4 |     8 ||    14
Evoke: Wand              |       |       |       |     4 |    34 ||    38
  Use: Potion            |       |     1 |     5 |     7 |    12 ||    25
       Scroll            |       |       |    10 |    10 |     9 ||    29
  Eat: Chunk             |     1 |       |     8 |    11 |    12 ||    32
       Ration            |       |     2 |     1 |     5 |     4 ||    12
Armor: Scale mail        |    29 |    27 |       |       |       ||    56
       Ring mail         |       |    18 |    56 |       |       ||    74
       Chain mail        |       |       |     6 |    66 |       ||    72
       Plate armour      |       |       |       |    42 |   201 ||   243
       Skin              |       |       |       |       |     5 ||     5
Dodge: Dodged            |    43 |    46 |    52 |    86 |   137 ||   364
       Deflected         |       |       |       |     7 |     3 ||    10
Block: Shield            |    30 |   105 |   237 |   568 |  1056 ||  1996
       Reflection        |       |       |       |    43 |    35 ||    78

Table legend:
 A = Spawn XP
 B = Non-spawn XP
 C = Spawn XP percentage of total XP
 D = Spawn monster count
 E = Non-spawn monster count
 F = Spawn count percentage of total count
 G = Total turns spent on level
                    A         B        C        D         E        F      G
               +---------+---------+-------+---------+---------+-------+---------
         Total |       0 |  104733 |   0.0 |       0 |     622 |   0.0 | 21474
               +---------+---------+-------+---------+---------+-------+---------
           D:1 |       0 |      18 |   0.0 |       0 |      10 |   0.0 |   566
           D:2 |       0 |     119 |   0.0 |       0 |      13 |   0.0 |  1095
           D:3 |       0 |     113 |   0.0 |       0 |      32 |   0.0 |   792
           D:4 |       0 |    1361 |   0.0 |       0 |      41 |   0.0 |  1310
           D:5 |       0 |    1378 |   0.0 |       0 |      19 |   0.0 |  1153
           D:6 |       0 |     431 |   0.0 |       0 |      18 |   0.0 |   601
           D:7 |       0 |    1848 |   0.0 |       0 |      32 |   0.0 |  1375
           D:8 |       0 |    2142 |   0.0 |       0 |      23 |   0.0 |  1733
           D:9 |       0 |    3243 |   0.0 |       0 |      23 |   0.0 |  1390
          D:10 |       0 |    2345 |   0.0 |       0 |      31 |   0.0 |   856
          D:11 |       0 |    5867 |   0.0 |       0 |      48 |   0.0 |  1082
          D:12 |       0 |    6381 |   0.0 |       0 |      37 |   0.0 |   908
          D:13 |       0 |   16523 |   0.0 |       0 |      59 |   0.0 |  1488
          D:14 |       0 |   11430 |   0.0 |       0 |      43 |   0.0 |  1443
          D:15 |       0 |   11120 |   0.0 |       0 |      25 |   0.0 |   984
        Lair:1 |       0 |    5593 |   0.0 |       0 |      25 |   0.0 |  1071
        Lair:2 |       0 |    4804 |   0.0 |       0 |      18 |   0.0 |   842
        Lair:3 |       0 |   11788 |   0.0 |       0 |      68 |   0.0 |   979
       Swamp:1 |       0 |    8794 |   0.0 |       0 |      25 |   0.0 |  1027
       Swamp:2 |       0 |    6241 |   0.0 |       0 |      21 |   0.0 |   160
         IceCv |       0 |    3194 |   0.0 |       0 |      11 |   0.0 |   506
               +---------+---------+-------+---------+---------+-------+---------
